Map: 宿怨战场-天梯版

Players

Reynor - Winner!

  • Race: Zerg Zerg

PSiArc

  • Race: Terran Terran
  • League: Platinum

Event: WESG 2018 Grand Finals

VOD

Have the link to the VOD?

Description

Time

  • Played on: March 12, 2019, 3:50 a.m.
  • Length: 9:36

All games in this series

Show
View Real Time Build Order
Export as new Build Order

Reynor Zerg - Winner!

Build Orders: Pool First 

Get SALT Encoding   

  12  0:01  Drone  
  13  0:12  Overlord  
  13  0:17  Drone  
  14  0:30  Drone x2  
  16  0:40  Spawning Pool  
  15  0:44  Drone  
  15  0:48  Drone  
  17  1:09  Hatchery  
  16  1:12  Drone  
  17  1:27  Zergling x4  
  17  1:28  Zergling x2  
  17  1:31  Queen  
  22  1:38  Extractor  
  22  1:39  Overlord  
  21  1:49  Drone  
  22  1:55  Roach Warren  
  22  2:00  Drone  
  22  2:08  Queen  
  23  2:20  Overlord  
  24  2:37  Roach x3  
  24  2:40  Roach  
  30  2:48  Roach  
  30  2:49  Drone  
  33  2:53  Drone  
  34  3:04  Drone  
  37  3:08  Drone  
  37  3:10  Drone  
  39  3:15  Drone  
  38  3:20  Ravager  
  38  3:21  Drone x3  
  38  3:24  Drone  
  43  3:29  Overlord  
  43  3:34  Drone  
  44  3:47  Ravager  
  44  3:48  Drone x4  
  46  3:49  Drone x2  
  46  3:51  Drone  
  46  3:53  Drone  
  52  4:03  Overlord  
  52  4:09  Overlord  
  52  4:18  Overlord  
  52  4:23  Lair  
  52  4:25  Queen  
  52  4:27  Hatchery  
  52  4:28  Drone  
  52  4:30  Drone  
  55  4:31  Drone  
  55  4:34  Drone  
  55  4:36  Drone, Extractor  
  55  4:37  Extractor  
  57  4:38  Drone  
  57  4:40  Drone  
  57  4:42  Drone  
  60  4:45  Drone x2  
  61  4:53  Drone  
  61  4:54  Drone x2, Extractor  
  63  5:04  Overlord  
  63  5:05  Queen, Drone  
  66  5:14  Overlord  
  66  5:16  Drone  
  66  5:17  Drone x4  
  68  5:24  Drone x3  
  67  5:29  Drone  
  67  5:30  Spire  
  67  5:31  Drone  
  68  5:40  Roach x4  
  76  5:45  Roach x2  
  76  5:46  Extractor  
  79  5:53  Roach x4  
  79  5:56  Overlord  
  87  5:57  Drone  
  87  6:02  Drone  
  89  6:10  Overlord, Drone  
  90  6:12  Extractor  
  89  6:18  Ravager x2  
  89  6:20  Overlord  
  89  6:38  Drone x3  
  92  6:44  Mutalisk x7  
  106  6:49  Drone x5  
  106  6:50  Drone x2  
  106  6:52  Overlord, Zerg Flyer Weapons Level 1  
  113  6:57  Metabolic Boost, Evolution Chamber  
  113  6:59  Drone x2  
  114  7:08  Hatchery  
  113  7:11  Overlord, Mutalisk x2  
  117  7:18  Drone x6  
  117  7:21  Drone  
  121  7:26  Drone  
  121  7:29  Drone  
  117  7:30  Drone x2  
  117  7:31  Mutalisk x2  
  117  7:34  Pneumatized Carapace  
  118  7:49  Drone x3  
  118  7:51  Drone  
  122  7:52  Glial Reconstitution  
  121  8:02  Drone x4  
  121  8:03  Drone  
  121  8:04  Drone x2  
  130  8:05  Roach x3  
  129  8:15  Overlord x3  
  129  8:21  Infestation Pit  
  129  8:23  Roach x4  
  136  8:29  Spore Crawler  
  136  8:30  Ravager  
  136  8:33  Overlord  
  136  8:35  Drone  
  136  8:36  Drone x7  
  136  8:37  Ravager  
  136  8:38  Roach  
  148  8:41  Ravager  
  148  8:43  Roach x2  
  148  8:46  Roach x3  
  158  8:51  Overlord  
  158  8:55  Roach x4  
  164  8:58  Ravager x3  
  164  9:01  Extractor  
  166  9:04  Overlord  
  166  9:06  Overlord  
  166  9:09  Roach  
  172  9:10  Roach x2  
  172  9:12  Roach x2  
Show
View Real Time Build Order
Export as new Build Order

PSiArc Terran 

Build Orders: 2 Factory, Reaper Expand, Mech 

Get SALT Encoding   

  12  0:00  SCV  
  13  0:13  SCV  
  14  0:17  Supply Depot  
  14  0:25  SCV  
  15  0:39  SCV  
  15  0:40  Barracks  
  16  0:46  Refinery  
  16  0:51  SCV  
  17  1:03  SCV  
  18  1:15  SCV  
  19  1:27  Orbital Command  
  19  1:29  Reaper  
  20  1:40  Command Center  
  20  1:50  Supply Depot  
  20  1:53  SCV  
  21  2:01  Marine  
  21  2:06  Factory  
  21  2:08  SCV  
  23  2:19  Refinery  
  23  2:20  SCV  
  24  2:25  Barracks Reactor  
  24  2:32  SCV  
  25  2:46  SCV  
  26  2:57  Factory  
  26  2:58  Orbital Command  
  26  3:05  SCV  
  26  3:12  Factory Tech Lab  
  26  3:13  Marine x2  
  26  3:14  Bunker  
  26  3:17  SCV  
  28  3:26  Command Center  
  30  3:35  Siege Tank  
  30  3:36  Marine x2  
  33  3:47  Hellion, SCV  
  35  3:49  Orbital Command  
  35  3:55  Supply Depot  
  35  4:02  SCV  
  36  4:14  Hellion  
  36  4:16  Siege Tank  
  40  4:18  Starport, SCV  
  40  4:20  SCV  
  40  4:22  Orbital Command  
  42  4:24  Barracks Reactor  
  42  4:31  Supply Depot  
  43  4:38  SCV  
  43  4:41  Orbital Command  
  43  4:51  Siege Tank  
  46  4:56  Orbital Command  
  46  4:59  Viking, SCV  
  49  5:09  Hellion x2, SCV  
  49  5:11  SCV  
  55  5:21  SCV  
  55  5:22  SCV  
  55  5:23  Siege Tank  
  55  5:28  SCV  
  61  5:31  Hellion  
  61  5:33  SCV  
  61  5:34  SCV  
  65  5:37  Supply Depot  
  65  5:38  Armory  
  65  5:43  SCV  
  65  5:45  Refinery x2  
  65  5:46  SCV  
  65  5:49  SCV  
  68  5:54  Supply Depot  
  68  5:55  SCV, Supply Depot  
  69  5:58  Medivac  
  69  6:01  SCV x2  
  69  6:03  Supply Depot  
  73  6:07  SCV  
  74  6:13  SCV x2  
  74  6:14  Supply Depot  
  76  6:19  SCV, Siege Tank  
  76  6:21  Engineering Bay  
  76  6:22  Supply Depot  
  76  6:25  Hellion x2, SCV  
  85  6:26  Terran Vehicle And Ship Armor Level 1  
  85  6:27  SCV  
  86  6:34  SCV  
  86  6:36  Starport Reactor  
  86  6:37  SCV  
  88  6:41  Factory  
  88  6:44  Barracks Tech Lab  
  88  6:48  Supply Depot  
  88  6:50  Supply Depot  
  88  6:52  SCV  
  89  6:55  Thor  
  95  7:03  SCV  
  95  7:05  Hellion  
  95  7:06  Hellion, SCV  
  95  7:08  Orbital Command  
  101  7:21  SCV x2  
  103  7:24  Missile Turret  
  99  7:32  Refinery  
  99  7:33  SCV  
  99  7:34  SCV x2  
  92  7:38  Viking, Thor  
  95  7:46  SCV x2  
  93  7:51  Thor  
  93  7:53  SCV  
  93  7:54  Missile Turret  
  93  7:56  Missile Turret  
  93  7:58  SCV  
  101  8:02  SCV  
  101  8:05  SCV  
  101  8:10  SCV  
  95  8:14  SCV  
  95  8:17  SCV  
  96  8:21  Missile Turret  
  96  8:22  Missile Turret, SCV  
  96  8:23  Thor  
  103  8:29  SCV  
  103  8:30  SCV  
  105  8:34  SCV  
  105  8:41  SCV  
  107  8:43  Refinery, SCV  
  107  8:45  Refinery  
  107  8:46  Thor  
  114  8:50  SCV  
  114  8:53  Missile Turret, SCV  
  114  8:57  Hellion x2, SCV  
  114  9:02  Supply Depot  
  119  9:03  Supply Depot  
  119  9:04  Armory, SCV  
  120  9:14  SCV  
  128  9:19  SCV  
  121  9:24  SCV  
Tags
 
Add a new tag
Caveats
  • Supply blocks, unpowered buildings, or Contaminate may cause inaccurate times.
  • Supply counts are checked every 10 seconds.